 Dungeon Crawl Stone Soup version 0.19.5 (webtiles) character file.

114909 raph the Swashbuckler (level 17, 0/110 HPs)
             Began as a Kobold Berserker on Mar 4, 2017.
             Was a High Priest of Trog.
             Drowned by a drowned soul (13 damage)
             ... summoned by a merfolk avatar
             ... on level 2 of the Shoals on Mar 5, 2017.
             The game lasted 01:34:14 (33935 turns).

raph the Swashbuckler (Kobold Berserker)           Turns: 33935, Time: 01:34:14

Health: 0/110      AC: 10    Str: 19    XL:     17   Next: 22%
Magic:  21/21      EV: 32    Int:  8    God:    Trog [*****.]
Gold:   1117       SH: 11    Dex: 21    Spells: 0 memorised, 16 levels left

rFire  + . .     SeeInvis .     a - +9 quick blade (pierce)
rCold  + . .     Gourm    .     E - +1 troll leather armour
rNeg   + . .     Faith    .     L - +1 buckler
rPois  +         Spirit   .     W - -2 hat of the Alchemist {rElec rPois rF+ rC+ rN+ MR+ rMut rCorr}
rElec  +         Reflect  +     A - +1 cloak
rCorr  +         Harm     .     (no gloves)
rMut   +                        H - +2 pair of boots
MR     ++...                    X - +2 amulet of reflection
Stlth  +++.......               u - +4 ring of strength
                                I - +5 ring of evasion

@: no status effects
A: carnivore 3, mutation resistance 1
a: Berserk, Trog's Hand, Brothers in Arms, Burn Spellbooks, Renounce Religion


You were on level 2 of the Shoals.
You worshipped Trog.
Trog was extremely pleased with you.
You were completely stuffed.

You visited 4 branches of the dungeon, and saw 25 of its levels.
You also visited: Labyrinth, Ossuary and Bailey.

You collected 3156 gold pieces.
You spent 2039 gold pieces at shops.

Inventory:

Hand Weapons
 a - a +9 quick blade of piercing (weapon)
 P - a +6 antimagic short sword
 T - the +11 dagger of Fortitude {freeze, Dex+4}
   (You found it on level 3 of the Lair of Beasts)

   It has been specially enchanted to freeze those struck by it, causing extra
   injury to most foes and up to half again as much damage against particularly
   susceptible opponents.
   It can also slow down cold-blooded creatures.
   It affects your dexterity (+4).
Missiles
 C - 36 tomahawks of returning (quivered)
Armour
 A - a +1 cloak (worn)
 E - a +1 troll leather armour (worn)
 H - a +2 pair of boots (worn)
 L - a +1 buckler (worn)
 W - the -2 hat of the Alchemist (worn) {rElec rPois rF+ rC+ rN+ MR+ rMut rCorr}
   (You bought it in a shop on level 2 of the Orcish Mines)

   It protects you from fire.
   It protects you from cold.
   It insulates you from electricity.
   It protects you from poison.
   It protects you from negative energy.
   It affects your resistance to hostile enchantments.
   It protects you from acid and corrosion.
   It protects you from mutation.
Rods
 b - a +4 lightning rod (14/14)
   (You found it in a labyrinth)
Jewellery
 o - an uncursed ring of poison resistance
 u - a +4 ring of strength (right hand)
 I - a +5 ring of evasion (left hand)
 X - a +2 amulet of reflection (around neck)
 Z - an uncursed ring of see invisible
Wands
 f - a wand of disintegration (10/24)
 y - a wand of disintegration (4/24)
 B - a wand of flame (14/48)
 M - a wand of teleportation (3/9)
 O - a wand of digging (12/24)
 R - a wand of flame (23/48)
 S - a wand of iceblast (9/15)
 V - a wand of acid (6/15)
Scrolls
 e - 4 scrolls of blinking
 h - 11 scrolls of remove curse
 l - 2 scrolls of magic mapping
 n - 8 scrolls of identify
 q - 2 scrolls of recharging
 v - 8 scrolls of teleportation
 z - 3 scrolls of fog
 G - a scroll of fear
Potions
 j - a potion of heal wounds
 m - 3 potions of haste
 p - 17 potions of curing
 r - 3 potions of might
 t - 5 potions of agility
 w - 2 potions of invisibility
 x - 4 potions of berserk rage
 D - a potion of resistance
 J - 6 potions of flight
 K - 2 potions of cure mutation
 N - 3 potions of cancellation
Books
 Y - Naghon's Guide on Black Magic and the Blaze
   (You found it in a labyrinth)

   Spells                             Type                      Level
   a - Animate Skeleton               Necromancy                   1
   b - Pain                           Necromancy                   1
   c - Conjure Flame                  Conjuration/Fire             3
   d - Bolt of Magma                  Conjuration/Fire/Earth       5
   Trog disapproves of the use of such an item.
Comestibles
 c - 9 meat rations


   Skills:
 + Level 13.9 Fighting
 + Level 17.1 Short Blades
 + Level 9.0 Throwing
 + Level 9.7 Armour
 + Level 13.0 Dodging
 * Level 11.5 Stealth
 + Level 10.0 Shields
 - Level 6.6 Evocations


You had 16 spell levels left.
You didn't know any spells.

Dungeon Overview and Level Annotations

Branches:
Dungeon (15/15)            Temple (0/1) D:7            Lair (6/6) D:10
 Shoals (2/4) Lair:4       Spider (0/4) Lair:2        Slime (0/5) Lair:6
    Orc (2/2) D:12            Elf (0/3) Orc:2        Vaults (0/5) D:13
 Depths (0/5) D:15

Altars:
Elyvilon
Hepliaklqana
Kikubaaqudgha
Nemelex Xobeh
Qazlal
Trog
Xom
Beogh
Jiyva

Shops:
D:12 (   D:13 *   Orc:2 :[*(

Annotations:
Lair:2 exclusion: ice statue
Lair:6 1 runed door


Innate Abilities, Weirdness & Mutations

You are small and have problems with some larger weapons.
You are carnivorous and can eat meat at any time.
You are somewhat resistant to further mutation.


Message History

Your deep troll rages.
The merfolk avatar chants its luring song.
You block the drowned soul's attack.
Your deep troll bites the drowned soul!!!
The drowned soul is destroyed!
You block the drowned soul's attack. The water elemental misses you.
Your unstable footing causes you to fumble your attack.
The merfolk avatar chants its luring song.
Okay, then.
Blink to where?
Press: ? - help, Dir - move target cursor You cannot blink away from the merfolk avatar!
Blink to where?
Press: ? - help, Dir - move target cursor, f - you
Okay, then.
Your magical effects are unravelling.
You feel magically purged.
You break out of your daze.
The drowned soul touches you. The drowned soul drowns you!
You die...

≈.....≈≈..≈.≈≈≈≈..##..≈..######
...#.....≈≈≈≈≈...###..≈..# #.##
######...≈≈≈≈≈≈....#....####..# #
##..≈≈≈≈≈≈....##.........# #
##### ##..≈≈≈≈≈≈..##...<.....## #
....# #..≈≈≈≈≈≈≈......(#....# #
..≈.# #......≈≈≈≈........≈≈.####
≈≈≈.# ##.....≈mE≈..##...≈..≈..#
≈≈≈.# ####..≈≈@T.###.........##
≈≈(÷# #### #.≈≈≈≈≈≈.≈≈....#..≈..#
≈≈≈†###..###.≈≈≈≈≈≈≈≈≈....##.≈...
≈≈≈†....≈......≈≈≈≈≈≈≈≈........≈.
≈≈≈.......≈.....≈≈≈≈≈≈..........≈
≈≈≈..##............≈≈≈....##.#...
≈≈≈≈###..#.......#..≈≈....#####..
≈≈≈......###....###..≈....# #.≈
≈≈≈......####.>. #..≈....# #.≈


You could see a merfolk avatar, a water elemental and a friendly deep troll
(berserk).

Vanquished Creatures
  A kraken (Shoals:1)
  2 orc warlords (Orc:2)
  Nessos (D:14)
  Azrael (D:12)
  The ghost of Paps the Bludgeoner, a journeyman OgBe of Trog (Bailey)
  3 merfolk impalers
  A minotaur (Lab)
  Josephine (D:10)
  7 hydras
  3 vault guards (D:13)
  A centaur warrior (D:13)
  An alligator snapping turtle (Shoals:1)
  A merfolk avatar (Shoals:1)
  Erica (D:9)
  2 tengu warriors
  A death knight (D:15)
  2 ogre magi (D:15)
  A death yak (Lair:6)
  2 orc high priests (Orc:2)
  7 sea snakes
  2 wizards (D:15)
  3 hill giants
  4 orc knights (Orc:2)
  2 unseen horrors
  A wolf spider (Lair:6)
  3 harpies (Shoals:1)
  A wolf spider zombie (D:13)
  An orb spider (Lair:2)
  6 deep elf magi
  2 cyclopes
  6 fauns
  A salamander (Lair:4)
  2 manticores (Shoals:2)
  4 orc sorcerers
  An oklob plant (Lair:6)
  8 ugly things
  9 elephants
  6 black mambas
  3 sirens (Shoals:2)
  Maurice (D:9)
  A guardian serpent (Lair:6)
  A water nymph (Shoals:2)
  14 spiny frogs
  A torpor snail (Lair:2)
  A gargoyle (D:13)
  A rime drake (Lair:4)
  8 komodo dragons
  A tengu conjurer (D:13)
  A freezing wraith (D:15)
  2 kobold demonologists (D:12)
  3 merfolk
  A queen bee (Lair:2)
  5 trolls
  A wind drake (Shoals:2)
  5 hornets
  A queen bee (shapeshifter) (D:13)
  4 polar bears
  A minotaur skeleton (Lab)
  6 two-headed ogres
  2 harpy skeletons (D:15)
  11 hippogriffs
  17 dream sheep
  10 slime creatures
  29 blink frogs
  8 wyverns
  8 wraiths
  2 redbacks (Lair:6)
  21 yaks
  3 shadows
  7 basilisks
  A fire elemental (D:12)
  4 wargs (Orc:2)
  9 hungry ghosts
  20 water moccasins
  A soldier ant (D:10)
  8 porcupines
  3 hell hounds (D:12)
  8 black bears
  33 orc warriors
  A hornet zombie (D:5)
  12 ice beasts
  2 sky beasts
  An eye of draining (D:15)
  8 wolves
  22 ogres
  18 centaurs
  13 crocodiles
  2 big kobolds
  2 elf zombies (Ossuary)
  11 bullfrogs
  A wyvern zombie (D:13)
  2 earth elementals (Lab)
  25 killer bees
  5 scorpions
  8 wights
  4 electric eels (Lair:4)
  A howler monkey (D:5)
  The ghost of Paps the Skirmisher, a weakling GrFi (D:3)
  7 crimson imps
  2 bullfrog zombies
  4 centaur zombies
  5 hounds
  5 jellies
  2 quasits (D:13)
  13 orc priests
  A bullfrog skeleton (D:5)
  12 orc wizards
  3 centaur skeletons
  A gnoll shaman (D:10)
  5 iguanas
  16 worker ants
  An ogre skeleton (Lab)
  A hound zombie (D:7)
  2 hound skeletons
  3 mummies (Ossuary)
  10 gnolls
  17 adders
  A shadow imp (D:4)
  2 white imps (Lair:2)
  5 oozes (D:11)
  4 adder skeletons
  A worm (D:2)
  A dart slug (D:2)
  8 leopard geckos
  68 orcs
  9 giant cockroaches
  4 goblins
  8 hobgoblins
  4 jackals (D:5)
  2 quokkas
  4 ball pythons
  A ball python skeleton (D:4)
  15 bats
  3 frilled lizards
  2 goblin zombies (Ossuary)
  5 hobgoblin zombies (Ossuary)
  19 kobolds
  3 kobold zombies (Ossuary)
  A leopard gecko skeleton (D:5)
  9 rats
  A fungus (D:14)
798 creatures vanquished.

Vanquished Creatures (collateral kills)
  An orc warlord (Orc:2)
  4 death yaks (Lair:6)
  3 skeletal warriors (D:15)
  2 orc knights
  A manticore (Shoals:1)
  A troll (Orc:2)
  A polar bear (Lair:3)
  A merfolk (Shoals:1)
  A dream sheep (Lair:3)
  A wraith (D:15)
  A wyvern (Lair:1)
  2 wargs
  12 orc warriors
  2 wolves (Lair:2)
  An ogre (Orc:2)
  2 big kobolds (D:12)
  A bullfrog (D:15)
  2 wights (D:10)
  3 orc priests (Orc:2)
  4 orc wizards (Orc:2)
  9 orcs
  2 kobolds (D:12)
  A quokka (D:12)
58 creatures vanquished.

Vanquished Creatures (others)
  A vault guard (D:13)
  A porcupine (Lair:3)
  A water moccasin (Lair:3)
  A black bear (D:13)
  A worker ant (D:12)
  A quokka (D:7)
  A bush (Lair:6)
  40 fungi (Lair:6)
  66 plants
  4 tentacles (Shoals:1)
117 creatures vanquished.

Grand Total: 973 creatures vanquished

Notes
Turn   | Place    | Note
-------+----------+-------------------------------------------
     0 | D:1      | raph the Kobold Berserker began the quest for the Orb.
     0 | D:1      | Reached XP level 1. HP: 14/14 MP: 1/1
   355 | D:1      | Reached XP level 2. HP: 18/19 MP: 2/2
   998 | D:2      | Reached XP level 3. HP: 23/23 MP: 3/3
  1538 | D:2      | You fall through a shaft!
  1672 | D:3      | Reached XP level 4. HP: 29/29 MP: 4/4
  1768 | D:3      | Noticed Paps's ghost (weakling GrFi)
  1777 | D:3      | Killed Paps's ghost
  1777 | D:3      | Reached skill level 5 in Short Blades
  2220 | D:2      | Found an ancient bone altar of Kikubaaqudgha.
  2335 | D:3      | Reached XP level 5. HP: 34/34 MP: 5/5
  2668 | D:3      | Found a shimmering altar of Xom.
  2953 | D:4      | Reached ** piety under Trog
  2957 | D:4      | Noticed an ogre
  2967 | D:4      | Killed an ogre
  2967 | D:4      | Reached skill level 6 in Short Blades
  2967 | D:4      | Reached XP level 6. HP: 40/40 MP: 6/6
  3162 | D:4      | Reached skill level 5 in Fighting
  3570 | D:5      | Entered Level 5 of the Dungeon
  3584 | D:5      | Reached XP level 7. HP: 44/44 MP: 7/7
  4063 | D:5      | Reached skill level 7 in Short Blades
  4440 | D:5      | Found a sparkling altar of Nemelex Xobeh.
  4541 | D:5      | Reached XP level 8. HP: 48/51 MP: 8/8
  4916 | D:6      | Reached skill level 8 in Short Blades
  5123 | D:6      | Reached *** piety under Trog
  5151 | D:6      | Reached skill level 5 in Dodging
  5317 | D:6      | Identified a scroll of acquirement
  5364 | D:6      | Reached skill level 1 in Shields
  5913 | D:7      | Found a sand-covered staircase.
  5918 | Ossuary  | Entered an ossuary
  5918 | Ossuary  | Noticed a wraith
  5918 | Ossuary  | Noticed a wraith
  5918 | Ossuary  | Noticed a wraith
  6015 | Ossuary  | Reached skill level 9 in Short Blades
  6015 | Ossuary  | Reached XP level 9. HP: 57/57 MP: 9/9
  6758 | D:7      | Found a white marble altar of Elyvilon.
  6769 | D:7      | Found a staircase to the Ecumenical Temple.
  6839 | D:7      | Found a hazy altar of Hepliaklqana.
  7751 | D:8      | Found a stormy altar of Qazlal.
  7762 | D:8      | Reached **** piety under Trog
  8098 | D:9      | Reached skill level 10 in Short Blades
  8612 | D:9      | Noticed Erica
  8621 | D:9      | Killed Erica
  8621 | D:9      | Reached XP level 10. HP: 65/65 MP: 10/10
  8710 | D:9      | Noticed Maurice
  8726 | D:9      | Killed Maurice
  8726 | D:9      | Reached skill level 11 in Short Blades
  9026 | D:10     | Entered Level 10 of the Dungeon
  9672 | D:10     | Noticed Josephine
  9679 | D:10     | Killed Josephine
  9679 | D:10     | Reached skill level 5 in Armour
  9679 | D:10     | Reached XP level 11. HP: 71/71 MP: 11/11
  9940 | D:10     | Reached skill level 5 in Shields
 10043 | D:10     | Reached skill level 12 in Short Blades
 10117 | D:10     | Reached skill level 10 in Fighting
 10555 | D:10     | Found a staircase to the Lair.
 10704 | Lair:1   | Entered Level 1 of the Lair of Beasts
 11273 | Lair:1   | Reached skill level 1 in Stealth
 11574 | Lair:1   | Noticed a six-headed hydra
 11585 | Lair:1   | Killed a six-headed hydra
 11826 | Lair:1   | Reached XP level 12. HP: 79/79 MP: 12/12
 11853 | Lair:1   | Reached skill level 13 in Short Blades
 11879 | Lair:1   | Noticed a six-headed hydra
 11894 | Lair:1   | Killed a six-headed hydra
 12106 | Lair:1   | Reached ***** piety under Trog
 12786 | Lair:2   | Found a hole to the Spider Nest.
 13646 | Lair:2   | Noticed a four-headed hydra
 13658 | Lair:2   | Killed a four-headed hydra
 13731 | Lair:3   | HP: 2/80 [polar bear (12)]
 13736 | Lair:3   | Reached skill level 5 in Stealth
 15157 | Lair:3   | Got a warped dagger
 15158 | Lair:3   | Identified the +11 dagger of Fortitude {freeze, Dex+4} (You found it on level 3 of the Lair of Beasts)
 15269 | Lair:2   | Reached skill level 14 in Short Blades
 15272 | Lair:2   | Reached XP level 13. HP: 85/85 MP: 13/13
 15397 | Lair:2   | Reached skill level 1 in Evocations
 16900 | Lair:4   | Reached skill level 10 in Dodging
 18024 | Lair:4   | Found a staircase to the Shoals.
 18309 | Lair:4   | Gained mutation: You are somewhat resistant to further mutation. [potion of beneficial mutation]
 18778 | Lair:5   | Noticed an eight-headed hydra
 18789 | Lair:5   | Killed an eight-headed hydra
 19501 | Lair:6   | Entered Level 6 of the Lair of Beasts
 19527 | Lair:5   | Received a gift from Trog
 19657 | Lair:6   | Reached XP level 14. HP: 92/92 MP: 17/17
 20112 | Lair:6   | Reached skill level 5 in Evocations
 20163 | Lair:6   | Received a gift from Trog
 20456 | Lair:6   | Found a runed door.
 20458 | Lair:6   | Found a viscous altar of Jiyva.
 20459 | Lair:6   | Noticed an acid blob
 20460 | Lair:6   | Found a staircase to the Slime Pits.
 20498 | Lair:6   | Reached skill level 15 in Short Blades
 22050 | Lair:6   | Noticed an azure jelly
 22461 | D:11     | Found a flagged portal.
 22488 | D:11     | Received a gift from Trog
 22501 | Bailey   | Entered a bailey
 22551 | Bailey   | Noticed Paps's ghost (journeyman OgBe)
 22574 | Bailey   | Killed Paps's ghost
 22574 | Bailey   | Reached XP level 15. HP: 75/97 MP: 17/19
 23816 | D:11     | Reached skill level 1 in Throwing
 24444 | D:12     | Found a staircase to the Orcish Mines.
 24455 | D:12     | Found a roughly hewn altar of Beogh.
 24899 | D:12     | Noticed Azrael
 24922 | D:12     | Killed Azrael
 24922 | D:12     | Received a gift from Trog
 25307 | D:12     | Found Elisouju's Antique Weapon Shoppe.
 25619 | Orc:1    | Entered Level 1 of the Orcish Mines
 25751 | Orc:2    | Entered Level 2 of the Orcish Mines
 26391 | Orc:2    | Noticed an orc warlord
 26400 | Orc:2    | Killed an orc warlord
 26412 | Orc:2    | Noticed an orc warlord
 26417 | Orc:2    | Killed an orc warlord
 26427 | Orc:2    | Received a gift from Trog
 26473 | Orc:2    | Reached skill level 16 in Short Blades
 26829 | Orc:2    | Found a staircase to the Elven Halls.
 26947 | Orc:2    | Noticed an orc warlord
 26964 | Orc:2    | Found a roughly hewn altar of Beogh.
 26978 | Orc:2    | Killed an orc warlord
 27099 | Orc:2    | Found Enen's Antique Weapon Emporium.
 27105 | Orc:2    | Reached skill level 5 in Throwing
 27125 | Orc:2    | Found Xevea's Antique Armour Emporium.
 27132 | Orc:2    | Bought the -2 hat of the Alchemist {rElec rPois rF+ rC+ rN+ MR+ rMut rCorr} for 1227 gold pieces
 27286 | Orc:2    | Found Viomaev's General Store.
 27301 | Orc:2    | Found Meastrurgh's Book Emporium.
 27324 | Orc:2    | Bought a glowing chain mail for 273 gold pieces
 27411 | Orc:2    | Identified the Compendium of Cankerous Transmigration
 27423 | Orc:2    | Got a faintly glowing dagger
 27424 | Orc:2    | Identified the +7 dagger of Peril {pain, Stlth+} (You found it on level 2 of the Orcish Mines)
 27639 | D:13     | Found a stormy altar of Qazlal.
 27759 | D:13     | Found Fefaew Nugus's Assorted Antiques.
 27840 | D:13     | Bought a potion of heal wounds for 135 gold pieces
 27840 | D:13     | Bought a scroll of enchant armour for 202 gold pieces
 27840 | D:13     | Bought a scroll of enchant armour for 202 gold pieces
 28100 | D:13     | Found a gate to the Vaults.
 28120 | D:13     | Reached skill level 10 in Stealth
 28138 | D:13     | Reached XP level 16. HP: 104/104 MP: 20/20
 28707 | D:14     | Reached ****** piety under Trog
 28749 | D:14     | Noticed Nessos
 28787 | D:14     | Killed Nessos
 28803 | D:14     | Found a labyrinth entrance.
 28821 | Lab      | Entered a labyrinth
 30209 | Lab      | Identified Naghon's Guide on Black Magic and the Blaze
 30282 | D:14     | Received a gift from Trog
 30512 | D:14     | Found a bloodstained altar of Trog.
 30856 | D:15     | Entered Level 15 of the Dungeon
 30871 | D:15     | Found a hazy altar of Hepliaklqana.
 31592 | D:15     | Found a staircase to the Depths.
 31596 | D:15     | Received a gift from Trog
 32273 | Shoals:1 | Entered Level 1 of the Shoals
 32575 | Shoals:1 | Noticed a kraken
 32613 | Shoals:1 | Killed a kraken
 32936 | Shoals:1 | Reached XP level 17. HP: 92/110 MP: 21/21
 32940 | Shoals:1 | Reached skill level 17 in Short Blades
 33174 | Shoals:2 | Reached skill level 10 in Shields
 33935 | Shoals:2 | Drowned by a drowned soul

Skill      XL: |  1  2  3  4  5  6  7  8  9 10 11 12 13 14 15 16 17 |
---------------+----------------------------------------------------+-----
Fighting       | 4 5 6 7 8 9 10 11 12 13 | 13.9
Armour         | 2 3 4 5 6 7 8 9 |  9.7
Short Blades   | 5 6 7 9 10 11 12 14 15 16 17 | 17.1
Dodging        | 3 4 5 7 8 9 10 11 12 13 | 13.0
Shields        | 1 3 4 5 7 8 9 10 | 10.0
Stealth        | 2 5 8 9 10 11 | 11.5
Evocations     | 4 6 |  6.6
Throwing       | 5 8 9 |  9.0

Action                   |  1- 3 |  4- 6 |  7- 9 | 10-12 | 13-15 | 16-18 || total
-------------------------+-------+-------+-------+-------+-------+-------++-------
Melee: Short sword       |   133 |   127 |   189 |       |       |       ||   449
       Rapier            |       |       |   312 |   758 |       |       ||  1070
       Dagger            |       |       |       |     5 |  1261 |   153 ||  1419
       Quick blade       |       |       |       |       |   289 |   570 ||   859
Throw: Tomahawk          |       |       |       |       |    49 |     8 ||    57
Invok: Berserk           |     2 |     6 |    16 |    25 |    23 |    10 ||    82
       Burn Spellbooks   |       |       |     1 |       |       |       ||     1
       Brothers in Arms  |       |       |       |     6 |     6 |     3 ||    15
       Trog's Hand       |       |       |       |       |     2 |       ||     2
Evoke: Wand              |       |       |       |     2 |     3 |       ||     5
       Rod               |       |       |       |       |       |     1 ||     1
  Use: Scroll            |       |       |    19 |    12 |    10 |     5 ||    46
       Potion            |       |       |       |     1 |     2 |     2 ||     5
 Stab: Sleeping          |     1 |       |     3 |     3 |    14 |    28 ||    49
       Distracted        |       |       |       |       |     6 |     5 ||    11
       Invisible         |       |       |       |       |     2 |     6 ||     8
  Eat: Chunk             |    11 |     7 |    37 |    52 |    64 |    32 ||   203
Armor: Leather armour    |    15 |    21 |    37 |    50 |    41 |       ||   164
       Ring mail         |       |       |       |       |    27 |       ||    27
       Troll leather arm |       |       |       |       |     6 |    28 ||    34
Dodge: Dodged            |   104 |    82 |   297 |   562 |   963 |   301 ||  2309
Block: Buckler           |       |       |    63 |   253 |   498 |   175 ||   989
       Reflection        |       |       |       |       |       |     8 ||     8
